 Dungeon Crawl Stone Soup version 0.29-a0-284-gf9362112df (webtiles) character file.

Game seed: 11649103956170755724

183 gzilladon the Chopper (level 5, -6/47 HPs)
             Began as a Hill Orc Monk on Mar 25, 2022.
             Killed from afar by Ijyb (10 damage)
             ... with a puff of flame
             ... on level 3 of the Dungeon.
             The game lasted 00:11:12 (2507 turns).

gzilladon the Chopper (Hill Orc Monk)               Turns: 2507, Time: 00:11:13

Health: -6/47      AC:  5    Str: 16    XL:     5   Next: 62%
Magic:  5/5        EV: 11    Int: 10    God:
Gold:   92         SH:  0    Dex: 13    Spells: 4/4 levels left

rFire   . . .      SeeInvis .   a - +0 hand axe
rCold   . . .      Faith    .   (no shield)
rNeg    . . .      Spirit   .   r - +0 ring mail
rPois   .          Reflect  .   (no helmet)
rElec   .          Harm     .   (no cloak)
rCorr   .          Rampage  .   (no gloves)
Will    .....                   (no boots)
Stlth   +.........              j - amulet of regeneration
HPRegen 0.95/turn               (no ring)
MPRegen 0.09/turn               (no ring)

@: mighty, studying Short Blades
A: no striking features
a: no special abilities


You were on level 3 of the Dungeon.
You visited 1 branch of the dungeon, and saw 3 of its levels.

You collected 92 gold pieces.

Inventory:

Hand Weapons
 a - a +0 hand axe (weapon)
Missiles
 c - 2 boomerangs
 g - 96 stones (quivered)
Armour
 b - a +0 robe
 h - a +0 leather armour
 q - the +1 robe of the Constellations {Stlth+ Archmagi}
   (You took it off a hobgoblin on level 2 of the Dungeon)

   Archmagi:  It increases the power of your magical spells.
   Stlth:     It makes you more stealthy.
 r - a +0 ring mail (worn)
Jewellery
 j - an amulet of regeneration (around neck)
Scrolls
 d - a scroll of identify {unknown}
 k - a scroll of amnesia {unknown}
 l - 2 scrolls of noise {unknown}
 m - a scroll of vulnerability {unknown}
 n - a scroll of enchant weapon {unknown}
Potions
 e - a potion of mutation {unknown}
 i - a potion of berserk rage {unknown}
 p - a potion of brilliance


   Skills:
 + Level 4.5 Fighting
 + Level 5.5 Axes
 * Level 3.4 Armour
 + Level 2.8 Dodging
 - Level 1.5 Stealth


You had 4 spell levels left.
You didn't know any spells.
Your spell library contained the following spells:

 Spells                   Type           Power      Damage    Failure   Level
 Slow                     Hex            0%         N/A       56%         1
 Confusing Touch          Hex            0%         N/A       91%         3
 Vampiric Draining        Necr           0%         2d6       91%         3
 Borgnjor's Revivificati  Necr           0%         N/A       100%        8
 Necromutation            Tmut/Necr      0%         N/A       100%        8
 Death's Door             Necr           0%         N/A       100%        9


Dungeon Overview and Level Annotations

Branches:
Dungeon (3/15)

Altars:

Annotations:
D:3 Ijyb


Message History

The worm bites you!
You hit the worm but do no damage.
The worm is severely wounded.
You hit the worm.
The worm is almost dead.
The worm misses you.
You hit the worm.
You kill the worm!
You now have 92 gold pieces (gained 9).
You see here a worm corpse.
g - 96 stones (gained 15)
You hear the rusting of a drain very nearby.
Ijyb the Twisted Goblin comes into view.
She is wielding a +0 dagger of electrocution, wearing a +0 chain mail of fire resistance and carrying a wand of flame (25).
Ijyb shouts!
Ijyb zaps a wand.
The puff of flame misses you.
Found a scroll labelled YROARA XATULIGOM.
You hit Ijyb but do no damage. Ijyb hits you but does no damage.
You hit Ijyb but do no damage.
Ijyb zaps a wand.
The puff of flame hits you!
You hit Ijyb but do no damage.
Ijyb zaps a wand.
The puff of flame hits you.
You hit Ijyb but do no damage.
Ijyb zaps a wand.
The puff of flame hits you. Ijyb closely misses you.
You barely miss Ijyb. Ijyb hits you but does no damage.
You are electrocuted!
You hit Ijyb but do no damage.
Ijyb hits you with a +0 dagger of electrocution.
You closely miss Ijyb.
Ijyb zaps a wand.
The puff of flame hits you!
* * * LOW HITPOINT WARNING * * *
It was a potion of curing.
You feel better. Ijyb hits you but does no damage.
You are electrocuted!
* * * LOW HITPOINT WARNING * * *
It was a potion of might.
You feel very mighty all of a sudden. Ijyb barely misses you.
You hit Ijyb.
Ijyb is lightly wounded.
Ijyb hits you with a +0 dagger of electrocution.
* * * LOW HITPOINT WARNING * * *
You hit Ijyb but do no damage.
Ijyb is lightly wounded.
Ijyb zaps a wand.
The puff of flame hits you!
You die...

#### ..# #.######
####.##...#
#......@g.#
#.#.##.##.......?
#.#.##.####.##.#.
#........# .#
##..####.# # #.
..##.# # #.##.#
#.##.##.#
#.......#


You could see Ijyb.

Vanquished Creatures
  A necrophage (D:2)
  7 adders (D:2)
  A worm (D:3)
  A dart slug (D:3)
  5 orcs
  6 endoplasms
  2 giant cockroaches (D:1)
  5 hobgoblins
  2 quokkas (D:2)
  4 ball pythons
  7 bats
  A frilled lizard (D:2)
  2 goblins
  3 kobolds
  2 rats
49 creatures vanquished.

Notes
Turn   | Place    | Note
-------+----------+-------------------------------------------
     0 | D:1      | gzilladon the Hill Orc Monk began the quest for the Orb.
     0 | D:1      | Reached XP level 1. HP: 19/19 MP: 1/1
   649 | D:1      | Reached XP level 2. HP: 27/27 MP: 2/2
  1046 | D:2      | Reached skill level 1 in Armour
  1160 | D:2      | Reached XP level 3. HP: 33/33 MP: 3/3
  1407 | D:2      | Identified the +1 robe of the Constellations {Stlth+
                  | Archmagi}
  1494 | D:2      | Noticed a necrophage
  1510 | D:2      | HP: 1/31 [necrophage (2)]
  1534 | D:2      | Killed a necrophage
  1535 | D:2      | Reached skill level 5 in Axes
  1535 | D:2      | Reached XP level 4. HP: 14/40 MP: 4/4
  1570 | D:2      | Found a faded altar of an unknown god.
  1644 | D:2      | Reached XP level 5. HP: 46/46 MP: 5/5
  2493 | D:3      | Noticed Ijyb
  2504 | D:3      | HP: 2/47 [Ijyb/+0 dagger of electrocution (12)]
  2507 | D:3      | Killed from afar by Ijyb

Illustrated notes

Levels and vault maps discovered:
D:1:      matt_arrival_grand_opening, layout_basic, corner_web_ring
D:2:      minmay_recursive_quarters, layout_basic,
          dreamdust_ecumenical_altar_statues
D:3:      minmay_goblin_kobold_castle, layout_loops_cross,
          gup_sewer_entry_spiral, uniq_ijyb

Skill      XL: |  1  2  3  4  5 |
---------------+----------------+-----
Fighting       | 4 |  4.5
Armour         | 1 2 3 |  3.4
Axes           | 5 |  5.5
Dodging        | |  2.8
Stealth        | |  1.5

Action                   |  1- 3 |  4- 6 || total
-------------------------+-------+-------++-------
Melee: Hand axe          |   116 |    90 ||   206
       Punch             |     1 |       ||     1
  Use: Potion            |     1 |     3 ||     4
 Stab: Sleeping          |     2 |       ||     2
       Distracted        |       |     1 ||     1
Armor: Leather armour    |    39 |    14 ||    53
       Ring mail         |       |    14 ||    14
Dodge: Dodged            |    85 |    70 ||   155

Table legend: (Time is in decaauts)
 A = Elapsed time spent in this place.
 B = Non-inter-level travel time spent in this place.
 C = Inter-level travel time spent in this place.
 D = Time resting spent in this place.
 E = Time spent auto-exploring this place.
 F = Levels seen in this place.
 G = Mean time per level.
                   A        B        C        D        E       F      G
               +--------+--------+--------+--------+--------+-----+--------+
         Total |   2518 |   2368 |    150 |    167 |      0 |   3 |  839.3 |
       Dungeon |   2518 |   2368 |    150 |    167 |      0 |   3 |  839.3 |
               +--------+--------+--------+--------+--------+-----+--------+

Top non-repeatable levels by time:
     D:2: 1092 daAuts
     D:1: 1034 daAuts
     D:3: 391 daAuts
